 Dungeon Crawl Stone Soup version 0.26.1-11-gd32895ea62 (webtiles) character file.

Game seed: 5642439173558270186

17265 Zeld the Thrower (level 12, -3/85 HPs)
             Began as an Octopode Fighter on May 10, 2021.
             Was an Elder of Okawaru.
             Slain by an ogre mage
             ... wielding a +0 spear
              (12 damage)
             ... on level 10 of the Dungeon.
             The game lasted 01:01:04 (21595 turns).

Zeld the Thrower (Octopode Fighter)                Turns: 21595, Time: 01:01:05

Health: -3/85      AC:  1    Str: 19    XL:     12   Next: 46%
Magic:  21/21      EV: 17    Int: 10    God:    Okawaru [****..]
Gold:   1023       SH:  0    Dex: 13    Spells: 11/11 levels left

rFire    . . .     SeeInvis .   y - +4 war axe (freeze)
rCold    + . .     Faith    .   b - +1 kite shield
rNeg     + . .     Spirit   .   (helmet restricted)
rPois    .         Reflect  .   h - amulet of regeneration
rElec    .         Harm     .   e - +4 ring of evasion
rCorr    .         Rampage  .   j - ring of positive energy
Will     .....     Rnd*Tele +   f - ring of magical power
Stlth    +++.......             k - ring of stealth
HPRegen  0.64/turn              C - ring of protection from cold
MPRegen  0.17/turn              t - ring of teleportation
                                (no ring)
                                (no ring)

@: confused, slowed, very slow
A: almost no armour, stealthy swim, amphibious, 8 rings, constrict 8, camouflage
1, gelatinous body 1
a: Renounce Religion, Heroism


You were on level 10 of the Dungeon.
You worshipped Okawaru.
Okawaru was greatly pleased with you.
You visited 3 branches of the dungeon, and saw 13 of its levels.
You also visited: Ossuary.

You collected 1317 gold pieces.
You spent 294 gold pieces at shops.

Inventory:

Hand Weapons
 y - a +4 war axe of freezing (weapon)
Missiles
 c - 9 boomerangs
 q - 2 javelins
 s - 6 poisoned darts (quivered)
Armour
 b - a +1 kite shield (worn)
Jewellery
 e - a +4 ring of evasion (left tentacle)
 f - a ring of magical power (on tentacle)
 h - an amulet of regeneration (around mantle)
 j - a ring of positive energy (right tentacle)
 k - a ring of stealth (on tentacle)
 t - a ring of teleportation (on tentacle)
 C - a ring of protection from cold (on tentacle)
Wands
 a - a wand of digging (8)
 g - a wand of random effects (20)
 m - a wand of flame (4)
Scrolls
 i - 6 scrolls of remove curse
 l - 4 scrolls of magic mapping
Potions
 d - a potion of ambrosia {unknown}
 n - 3 potions of heal wounds
 o - 4 potions of flight
 p - 3 potions of haste
 r - a potion of magic
 v - 6 potions of curing
 w - 3 potions of brilliance
 z - a potion of resistance
 A - a potion of invisibility


   Skills:
 - Level 9.3 Fighting
 - Level 9.0 Axes
 * Level 13.0 Throwing
 - Level 3.0 Dodging
 - Level 9.3 Shields


You had 11 spell levels left.
You didn't know any spells.
Your spell library contained the following spells:

 Spells                   Type           Power        Failure   Level
 Corona                   Hex            0%           61%         1
 Magic Dart               Conj           0%           61%         1
 Searing Ray              Conj           0%           75%         2
 Slow                     Hex            0%           75%         2
 Confusing Touch          Hex            0%           93%         3
 Dazzling Flash           Conj/Hex       0%           93%         3
 Gell's Gravitas          Tloc           0%           93%         3
 Inner Flame              Hex/Fire       0%           93%         3
 Portal Projectile        Hex/Tloc       0%           93%         3
 Cause Fear               Hex            0%           100%        4
 Fulminant Prism          Conj/Hex       0%           100%        4
 Iskenderun's Mystic Bla  Conj/Tloc      0%           100%        4
 Leda's Liquefaction      Hex/Erth       0%           100%        4
 Petrify                  Tmut/Erth      0%           100%        4
 Metabolic Englaciation   Hex/Ice        0%           100%        5
 Yara's Violent Unravell  Hex/Tmut       0%           100%        5


Dungeon Overview and Level Annotations

Branches:
Dungeon (10/15)            Temple (1/1) D:4            Lair (0/6) D:8
    Orc (2/2) D:9             Elf (0/3) Orc:2       Ossuary (visited)

Altars:
Ashenzari
Cheibriados
Dithmenos
Elyvilon
Fedhas
Gozag
Hepliaklqana
Kikubaaqudgha
Makhleb
Nemelex Xobeh
Okawaru
Qazlal
Ru
Sif Muna
Trog
Uskayaw
Vehumet
Wu Jian
Xom
Yredelemnul
Zin
The Shining One

Shops:
D:6 *

Annotations:
Orc:2 3 runed translucent doors, ShtraitShpitten's ghost, novice DDBe


Innate Abilities, Weirdness & Mutations

You cannot wear most types of armour.
You are very stealthy in the water. (Stealth+)
You are amphibious.
You can wear up to eight rings at the same time.
You can use your tentacles to constrict eight enemies at once.
Your skin changes colour to match your surroundings (Stealth+).
Your rubbery body absorbs attacks. (AC +1, EV +1)


Message History

You are more confused.
You closely miss something. Something hits you!
* * * LOW HITPOINT WARNING * * *
Something hits you!
* * * LOW HITPOINT WARNING * * *
Unknown command.
You bump into the crystal wall.
Something hits you.
* * * LOW HITPOINT WARNING * * *
An ogre mage appears from thin air!
Reactivating autopickup.
The ogre mage closely misses you.
The ogre mage hits you from afar with a +0 spear.
* * * LOW HITPOINT WARNING * * *
Press: ? - help, v - describe, . - travel
Here: an ogre mage, wielding a +0 spear and wearing a +0 robe (heavily wounded)
The floor, spattered with blood.
Unknown command.
You bump into the crystal wall.
The ogre mage hits you from afar with a +0 spear!
You die...

......###....#..##..##.#
....###..###.##..##!##.#
..###..#.#######..####.#
###..###.#..#####..###.###
#..###.#)##.#.####..##...#
.###...).#.#.##.######.#.#
#.)###.#.##.##.##O####.#.#
###..###.#.#..#..#.O##.#.#
.####..#.#..##.#@###.#.#.########
...####..###.#..####.#.#........#
#)...####.....####..##.#.#####.[.
..#....###.#####O.O.##.#.# #.#.
#...#....#####..###.##...# ##.#
..#....##.##....#.#.##.#.# #.##
#)...#####......#.#.##.#.# ##.#
)).####8.###....#..)##.#.# #.#.
.####8....####..######.#.# ##.#


You could see an ogre mage.

Vanquished Creatures
  Erolcha (D:10)
  Harold (D:10)
  4 two-headed ogres
  Erica (D:8)
  An orc high priest (Orc:1)
  An ugly thing (D:10)
  2 orc sorcerers
  A centaur zombie (D:10)
  Psyche (D:10)
  Maggie (D:8)
  A gargoyle (D:10)
  A troll (Orc:1)
  Prince Ribbit (D:7)
  8 yaks (D:10)
  A wraith (Ossuary)
  Grum (D:8)
  A human (D:9)
  3 wargs
  2 water moccasins
  2 ice beasts
  3 sky beasts
  13 orc warriors
  A black bear (D:8)
  2 necrophages
  20 ogres
  An eye of draining (D:10)
  2 wolves (D:8)
  A big kobold (D:9)
  Blork the orc (D:5)
  6 centaurs
  3 bullfrogs
  4 scorpions
  8 wights
  A howler monkey (D:4)
  2 bullfrog zombies (D:9)
  3 hounds
  2 centaur skeletons (D:7)
  A jelly (D:9)
  A bullfrog skeleton (D:7)
  17 orc priests
  Crazy Yiuf (D:3)
  A gnoll shaman (D:4)
  18 orc wizards
  4 iguanas
  8 worker ants
  A big kobold zombie (Ossuary)
  3 mummies (Ossuary)
  Robin (D:3)
  A worker ant zombie (D:10)
  2 howler monkey skeletons (D:10)
  7 gnolls
  3 adders
  A shadow imp (D:8)
  2 white imps
  2 ufetubi
  2 adder skeletons
  4 worms
  3 dart slugs
  2 leopard geckos
  51 orcs
  9 giant cockroaches
  14 goblins
  13 hobgoblins
  16 jackals
  9 quokkas
  A ball python (D:3)
  6 bats
  9 frilled lizards
  A giant cockroach zombie (D:6)
  A gnoll zombie (Ossuary)
  3 goblin zombies (Ossuary)
  2 hobgoblin zombies (Ossuary)
  13 kobolds
  3 kobold zombies (Ossuary)
  A quokka zombie (D:2)
  4 rats
349 creatures vanquished.

Notes
Turn   | Place    | Note
-------+----------+-------------------------------------------
     0 | D:1      | Zeld the Octopode Fighter began the quest for the Orb.
     0 | D:1      | Reached XP level 1. HP: 16/16 MP: 1/1
   543 | D:1      | Reached XP level 2. HP: 21/21 MP: 2/2
  1056 | D:2      | Reached XP level 3. HP: 24/26 MP: 3/3
  1127 | D:2      | Found a burning altar of Makhleb.
  1525 | D:2      | Found a shimmering blue altar of Sif Muna.
  1750 | D:1      | Reached XP level 4. HP: 23/33 MP: 4/4
  2598 | D:3      | Reached XP level 5. HP: 36/37 MP: 5/5
  2714 | D:3      | Noticed Robin
  2722 | D:3      | Killed Robin
  2928 | D:3      | Found a runed translucent door.
  2929 | D:3      | Noticed Crazy Yiuf
  2937 | D:3      | Killed Crazy Yiuf
  2938 | D:3      | Reached skill level 1 in Throwing
  3062 | D:3      | Found a faded altar of an unknown god.
  3209 | D:3      | Found an opulent altar of Gozag.
  3411 | D:4      | Reached skill level 2 in Throwing
  3411 | D:4      | Reached XP level 6. HP: 36/43 MP: 6/6
  3434 | D:4      | Found a staircase to the Ecumenical Temple.
  3444 | Temple   | Entered the Ecumenical Temple
  3473 | Temple   | Became a worshipper of Warmaster Okawaru
  4079 | D:4      | Reached skill level 3 in Throwing
  4667 | D:4      | Reached skill level 4 in Throwing
  4760 | D:4      | Reached * piety under Okawaru
  4761 | D:4      | Reached XP level 7. HP: 48/48 MP: 7/7
  4766 | D:4      | Reached skill level 5 in Throwing
  5083 | D:4      | Found a sacrificial altar of Ru.
  5431 | D:4      | Reached skill level 6 in Throwing
  5729 | D:5      | Entered Level 5 of the Dungeon
  5855 | D:5      | Reached XP level 8. HP: 46/54 MP: 8/8
  5950 | D:5      | Found a snail-covered altar of Cheibriados.
  5984 | D:5      | Noticed Blork the orc
  5995 | D:5      | Killed Blork the orc
  5996 | D:5      | Reached skill level 5 in Fighting
  5996 | D:5      | Reached skill level 5 in Shields
  7029 | D:6      | Found a sand-covered staircase.
  7035 | Ossuary  | Entered an ossuary
  7035 | Ossuary  | Noticed a wraith
  7035 | Ossuary  | Noticed a wraith
  7035 | Ossuary  | Noticed a wraith
  7414 | Ossuary  | Noticed a wraith
  7423 | Ossuary  | Killed a wraith
  7423 | Ossuary  | Reached ** piety under Okawaru
  7424 | Ossuary  | Reached skill level 5 in Axes
  7892 | D:6      | Found a broken altar of Ashenzari.
  8039 | D:6      | Found Gohellua's Assorted Antiques.
  8042 | D:6      | Bought an emerald potion for 24 gold pieces
  8042 | D:6      | Bought a scroll of identify for 54 gold pieces
  8042 | D:6      | Bought a copper ring for 135 gold pieces
  8123 | D:5      | Reached XP level 9. HP: 62/62 MP: 9/9
  9345 | D:6      | Found a white marble altar of Elyvilon.
  9505 | D:7      | Reached *** piety under Okawaru
  9611 | D:7      | Noticed Prince Ribbit
  9622 | D:7      | Killed Prince Ribbit
  9667 | D:7      | Found an ancient bone altar of Kikubaaqudgha.
 10003 | D:7      | Found a glowing golden altar of the Shining One.
 10052 | D:6      | Bought a potion of flight for 81 gold pieces
 10107 | D:8      | Found a staircase to the Lair.
 10129 | D:8      | Found a bloodstained altar of Trog.
 10141 | D:8      | Found a burning altar of Makhleb.
 10279 | D:8      | Received a gift from Okawaru
 10476 | D:8      | Noticed a two-headed ogre
 10837 | D:8      | Noticed Erica
 10867 | D:8      | Reached XP level 10. HP: 58/72 MP: 10/10
 11030 | D:8      | Noticed Maggie
 11051 | D:8      | Killed Maggie
 11294 | D:8      | Noticed Grum
 11302 | D:8      | Killed Grum
 11882 | D:8      | Found an ornate altar of the Wu Jian Council.
 11886 | D:8      | Found a glowing golden altar of the Shining One.
 12416 | D:8      | Killed Erica
 12416 | D:8      | Reached **** piety under Okawaru
 12643 | D:8      | Killed a two-headed ogre
 12770 | D:9      | Noticed a two-headed ogre
 12898 | D:9      | Found a shadowy altar of Dithmenos.
 13225 | D:10     | Entered Level 10 of the Dungeon
 13641 | D:9      | Found a hazy altar of Hepliaklqana.
 13744 | D:9      | Found a staircase to the Orcish Mines.
 14035 | D:9      | Reached skill level 7 in Throwing
 14244 | Orc:1    | Entered Level 1 of the Orcish Mines
 14250 | D:9      | Reached XP level 11. HP: 80/80 MP: 11/11
 14587 | Orc:1    | Noticed an orc sorcerer
 14619 | Orc:1    | Reached skill level 8 in Throwing
 14845 | Orc:1    | Killed an orc sorcerer
 14949 | Orc:1    | Reached skill level 9 in Throwing
 14989 | Orc:1    | Noticed an orc high priest
 15449 | Orc:1    | Killed an orc high priest
 15793 | D:9      | Killed a two-headed ogre
 15794 | D:9      | Reached skill level 10 in Throwing
 16023 | Orc:2    | Entered Level 2 of the Orcish Mines
 16023 | Orc:2    | Noticed a two-headed ogre
 16033 | Orc:2    | Killed a two-headed ogre
 16270 | Orc:2    | Found a runed translucent gate.
 16270 | Orc:2    | Found a runed translucent gate.
 16270 | Orc:2    | Found an iron altar of Okawaru.
 16270 | Orc:2    | Found a runed translucent gate.
 16270 | Orc:2    | Noticed a tengu warrior
 16270 | Orc:2    | Noticed a minotaur
 16270 | Orc:2    | Noticed a centaur warrior
 16270 | Orc:2    | Noticed a tengu warrior
 16270 | Orc:2    | Noticed ShtraitShpitten's ghost (novice DDBe)
 16270 | Orc:2    | Noticed an orc knight
 16270 | Orc:2    | Noticed a deep elf archer
 16271 | Orc:2    | Noticed a deep elf archer
 16623 | Orc:2    | Noticed an orc sorcerer
 16803 | Orc:2    | Killed an orc sorcerer
 16804 | Orc:2    | Reached skill level 11 in Throwing
 17012 | Orc:2    | Noticed an orc warlord
 17257 | Orc:2    | Found a staircase to the Elven Halls.
 17266 | Orc:2    | Noticed a cyclops
 17651 | D:10     | Noticed Psyche
 18240 | D:10     | Killed Psyche
 18361 | D:10     | Noticed Erolcha
 18532 | D:10     | Killed Erolcha
 18533 | D:10     | Reached skill level 12 in Throwing
 18533 | D:10     | Reached XP level 12. HP: 85/85 MP: 12/12
 19116 | D:10     | Noticed a two-headed ogre
 19144 | D:10     | Killed a two-headed ogre
 19144 | D:10     | Received a gift from Okawaru
 20828 | D:10     | Found a burning altar of Makhleb.
 21253 | D:10     | Noticed Harold
 21264 | D:10     | Killed Harold
 21268 | D:10     | Reached skill level 13 in Throwing
 21520 | D:10     | Noticed an ogre mage
 21595 | D:10     | Slain by an ogre mage

Illustrated notes

Levels and vault maps discovered:
D:1:      dpeg_arrival_simpleton_a, layout_basic
D:2:      minmay_roachtagon, layout_loops_ring, nicolae_overflow_hidden_temple,
          bloody_makhleb
D:3:      layout_loops_ring, overflow_temple_1_default,
          chequers_ecumenical_altar_simple, uniq_robin, uniq_crazy_yiuf_cottage
D:4:      layout_loops_ring, nicolae_ru_sacrificial_ziggurat,
          minmay_temple_entry_glassed_door, minmay_quantized
D:5:      layout_cave_pods, general_overflow_altar, uniq_blork_the_orc
D:6:      layout_loops_ring, kennysheep_mini_moat,
          ashenzari_conservatory_becter, nicolae_ossuary_entry_plus,
          serial_shops, shop_statue
D:7:      layout_basic, kennysheep_little_box, basic_altar, uniq_prince_ribbit1
D:8:      layout_gridville, overflow_temple_1_default,
          amethyst_overflow_temple_binary, lemuel_crystal_altar,
          dpeg_oklobed_lair, uniq_erica, uniq_maggie, uniq_grum
D:9:      layout_stronghold, nzn_hepliaklqana_mist_gate,
          nicolae_dithmenos_the_darkroom, erik_orc_4
D:10:     minmay_the_grid_triangle_9x9_rhombus_full
          [minmay_the_grid_triangle_9x9_windchime,
          minmay_the_grid_triangle_9x9_negative_grid,
          minmay_the_grid_triangle_9x9_semitri,
          minmay_the_grid_triangle_9x9_corruption,
          minmay_the_grid_triangle_9x9_intruding_spiral,
          minmay_the_grid_triangle_9x9_warning,
          minmay_the_grid_triangle_9x9_shrine,
          minmay_the_grid_triangle_9x9_prize_top_heavy], layout_loops_ring,
          roderic_roman_lattice, uniq_harold, uniq_psyche, uniq_erolcha
Temple:   chequers_temple_sunken
Orc:1:    layout_caves
Orc:2:    kennysheep_orc_mage_school, layout_diamond_mine,
          gammafunk_ghost_fury_of_okawaru

Skill      XL: |  1  2  3  4  5  6  7  8  9 10 11 12 |
---------------+-------------------------------------+-----
Axes           | 3 5 7 8 9 |  9.0
Fighting       | 4 6 7 9 |  9.3
Shields        | 4 6 7 9 |  9.3
Throwing       | 2 4 6 7 12 13 | 13.0
Dodging        | |  3.0

Action                   |  1- 3 |  4- 6 |  7- 9 | 10-12 || total
-------------------------+-------+-------+-------+-------++-------
Melee: War axe           |    59 |   107 |   197 |   400 ||   763
       Constrict         |    15 |    34 |    49 |    62 ||   160
       Tentacles         |    11 |    20 |    47 |    84 ||   162
       Punch             |       |       |     1 |     7 ||     8
Throw: Dart              |       |     8 |    47 |    18 ||    73
       Boomerang         |       |       |       |    11 ||    11
Invok: Heroism           |       |       |     4 |    43 ||    47
Evoke: Wand              |       |       |     7 |     6 ||    13
  Use: Scroll            |       |     7 |    12 |    10 ||    29
       Potion            |       |       |     3 |     4 ||     7
 Stab: Sleeping          |     7 |       |     9 |    12 ||    28
       Distracted        |       |       |     1 |     1 ||     2
Armor: Skin              |     2 |     9 |     3 |     8 ||    22
Dodge: Dodged            |    23 |    62 |   106 |   163 ||   354
Block: Kite shield       |    16 |    52 |    78 |   212 ||   358
